 Dungeon Crawl Stone Soup version 0.31-a0-836-g3ceb0a68c4 (webtiles) character file.

Game seed: 15135646502615595881

6505 hikkokomori the Fighter (level 11, -16/71 HPs)
             Began as a Gargoyle Fighter on Sept 27, 2023.
             Was an Initiate of Gozag.
             Killed by the air
             ... invoked by Gastronok
              (20 damage)
             ... on level 9 of the Dungeon.
             The game lasted 00:23:28 (9756 turns).

hikkokomori the Fighter (Gargoyle Fighter)          Turns: 9756, Time: 00:23:28

Health: -16/71     AC: 23    Str: 21    XL:     11   Next: 0%
Magic:  16/16      EV: 10    Int: 12    God:    Gozag
Gold:   1163       SH:  4    Dex:  9    Spells: 12/17 levels left

rFire   + . .        o - +5 war axe
rCold   . . .        c - +0 buckler
rNeg    + . .        b - +0 scale mail
rPois   ∞            (no helmet)
rElec   +            n - +0 cloak
rCorr   .            A - +0 pair of gloves
SInv    .            L - +0 pair of boots
Will    .....        (no amulet)
Stlth   +            C - ring of protection from fire
HPRegen 0.31/turn    l - +4 ring of protection
MPRegen 0.15/turn

%: no passive effects
@: hasted and slowed
A: sickness immunity, AC +8, negative energy resistance 1, electricity
resistance, torment resistance 1, petrification resistance
a: Renounce Religion, Potion Petition, Call Merchant, Bribe Branch


You were on level 9 of the Dungeon.
You worshipped Gozag.
Gozag was most pleased with you.
You visited 2 branches of the dungeon, and saw 11 of its levels.
You also visited: Sewer, Ossuary and Bailey.

You collected 1298 gold pieces.
You paid 135 gold pieces to Gozag.

Inventory:

Hand Weapons
 o - a +5 war axe (weapon)
 x - the +11 sling of Turmoil {flame, rElec Will+++ Str+2 Dex-4}
   (You found it on level 4 of the Dungeon)

   Str+2:     It affects your strength (+2).
   Dex-4:     It affects your dexterity (-4).
   rElec:     It insulates you from electricity.
   Will+++:   It greatly increases your willpower.
 O - a +2 halberd of draining
Missiles
 a - 5 atropa-tipped darts
 i - 7 javelins
Armour
 b - a +0 scale mail (worn)
 c - a +0 buckler (worn)
 n - a +0 cloak (worn)
 A - a +0 pair of gloves (worn)
 L - a +0 pair of boots (worn)
Jewellery
 l - a +4 ring of protection (right hand)
 m - a ring of magical power
 B - a ring of protection from cold
 C - a ring of protection from fire (left hand)
Wands
 D - a wand of light (1)
 J - a wand of flame (42)
Scrolls
 f - 2 scrolls of immolation
 g - 2 scrolls of noise {unknown}
 j - 6 scrolls of butterflies
 k - a scroll of enchant weapon
 p - 3 scrolls of blinking
 s - 2 scrolls of amnesia {unknown}
 y - a scroll of revelation
 z - a scroll of vulnerability {unknown}
 E - 3 scrolls of fear {unknown}
 F - 5 scrolls of teleportation
 H - a scroll of silence
 I - a scroll of acquirement {unknown}
 K - a scroll of poison {unknown}
Potions
 d - 8 potions of might
 e - 3 potions of mutation
 h - a potion of curing
 q - 2 potions of enlightenment
 r - 3 potions of degeneration
 t - a potion of ambrosia {unknown}
 u - 4 potions of magic
 v - 6 potions of brilliance
 w - 6 potions of haste
 G - a potion of berserk rage {unknown}
 M - a potion of attraction {unknown}
 N - 3 potions of invisibility {unknown}
 P - a potion of experience {unknown}
 Q - a potion of resistance {unknown}
 R - a potion of heal wounds {unknown}


   Skills:
 + Level 9.1 Fighting
 + Level 7.3 Axes
 + Level 5.6 Armour
 + Level 2.4 Dodging
 - Level 3.0 Stealth
 - Level 5.2 Shields
 + Level 3.6 Spellcasting
 + Level 7.2 Conjurations
 - Level 5.7 Ice Magic


You had 12 spell levels left.
You knew the following spells:

 Your Spells              Type           Power      Damage    Failure   Level
a - Freezing Cloud        Conj/Ice/Air   6%         6-21      98%         5

Your spell library contained the following spells:

 Spells                   Type           Power      Damage    Failure   Level
 Foxfire                  Conj/Fire      40%        2x1d6     16%         1
 Dazzling Flash           Conj/Hex       20%        N/A       43%         3
 Inner Flame              Hex/Fire       2%         N/A       91%         3
 Volatile Blastmotes      Fire/Tloc      4%         2d10      91%         3
 Plasma Beam              Fire/Air       1%         2x1d11    100%        6
 Starburst                Conj/Fire      5%         6d4       100%        6
 Maxwell's Capacitive Co  Air            1%         ∞         100%        8


Dungeon Overview and Level Annotations

Branches:
Dungeon (10/15)            Temple (1/1) D:6            Lair (0/5) D:9
    Orc (0/2) D:9           Sewer (visited)         Ossuary (visited)
 Bailey (visited)

Altars:
Ashenzari
Cheibriados
Dithmenos
Elyvilon
Fedhas
Gozag
Hepliaklqana
Kikubaaqudgha
Makhleb
Nemelex Xobeh
Okawaru
Ru
Sif Muna
Trog
Uskayaw
Vehumet
Wu Jian
Xom
Yredelemnul
Zin
The Shining One

Shops:
D:5 *   D:7 :   D:8 [

Annotations:
D:9 Amaemon, Gastronok


Innate Abilities, Weirdness & Mutations

You are immune to sickness and miasma.
Your stone body is resilient. (AC +8)
You are immune to poison.
You resist negative energy. (rN+)
You are resistant to electric shocks. (rElec)
You are resistant to unholy torment.
You are immune to petrification.


Message History

Gastronok bites you!!
You hit Gastronok.
Gastronok is moderately wounded.
You hit Gastronok.
Gastronok is moderately wounded.
Gastronok makes a strange noise.
Gastronok casts a spell at you.
You feel yourself slow down.
You slice Gastronok!!
Gastronok is heavily wounded.
Gastronok glows a brilliant shade of cerise.
You slash Gastronok!
Gastronok is heavily wounded.
Gastronok barely misses you.
You hit Gastronok.
Gastronok is heavily wounded.
Gastronok bites you but does no damage.
You feel yourself speed up.
You barely miss Gastronok.
Gastronok is heavily wounded.
Gastronok bites you but does no damage.
You slice Gastronok!!
Gastronok is severely wounded.
Gastronok bites you!
You slash Gastronok!
Gastronok is severely wounded.
You slash Gastronok!
Gastronok is almost dead.
Gastronok bites you!!
* * * LOW HITPOINT WARNING * * *
You hit Gastronok.
Gastronok is almost dead.
Unknown command.
You completely miss Gastronok.
Gastronok is almost dead.
Gastronok waves his eye-stalks in wide circles.
The air twists around and strikes you!!
You die...
Gastronok gurgles, "About time.
I'm starving!"
Your body crumbles into a pile of gold.

*,*,,#.....#..##.# #..
*,*,,#+###'#..##.# #..
*,*,,#.....#..##.# #..
*,+,,+.._..+..+..###..
*,*,,#.....#..##...+..
*,*,,#+###+#..#..###..
*,*,,#.....#..#.## ***
*,+##+##'##'##'.#
*,#.w@..#.....###
*,#.....#.....#
*,###+##+##+###
*,,,,,,,,,,,*
*************


You could see Gastronok (swift).

Vanquished Creatures
  A two-headed ogre (D:9)
  Erica (D:9)
  An orc knight (Bailey)
  An orange demon (D:9)
  A wyvern (D:9)
  A vampire (D:9)
  5 yaks (D:7)
  Menkaure (D:7)
  A steam dragon (D:8)
  5 orc warriors
  Pargi (Sewer)
  3 ice beasts
  A sky beast (D:7)
  A centaur (D:10)
  3 elf zombies (Ossuary)
  2 kobold brigands
  3 bullfrogs
  A scorpion (D:7)
  A gnoll sergeant (D:8)
  8 wights (D:6)
  4 killer bees (D:8)
  3 centaur zombies (Ossuary)
  4 hounds
  A jelly (D:4)
  6 human zombies (Ossuary)
  3 orc priests
  A gnoll bouda (D:5)
  2 iguanas (D:5)
  Terence (D:3)
  3 sleepcaps
  6 orc wizards
  3 mummies (Ossuary)
  17 gnolls
  7 adders
  A shadow imp (D:6)
  A white imp (D:5)
  3 ufetubi
  3 worms
  3 dart slugs
  28 orcs
  6 endoplasms
  A giant cockroach (D:1)
  12 goblins
  9 hobgoblins
  4 jackals
  18 kobolds
  5 quokkas
  13 ball pythons
  16 bats
  A frilled lizard (D:3)
  A goblin skeleton (D:5)
  A goblin zombie (D:5)
  A hobgoblin zombie (D:5)
  2 kobold skeletons (D:5)
  A kobold zombie (D:5)
  4 rats
237 creatures vanquished.

Vanquished Creatures (others)
  A human (D:4)
1 creature vanquished.

Grand Total: 238 creatures vanquished

Notes
Turn   | Place    | Note
-------+----------+-------------------------------------------
     0 | D:1      | hikkokomori the Gargoyle Fighter began the quest for the
                  | Orb.
     0 | D:1      | Reached XP level 1. HP: 14/14 MP: 1/1
   116 | D:1      | Reached XP level 2. HP: 19/19 MP: 2/2
   834 | D:2      | Reached XP level 3. HP: 23/24 MP: 3/3
  1060 | D:2      | Identified the +1 long sword "Sebuqoun" {flame, Int+3}
  1065 | D:2      | Reached XP level 4. HP: 29/29 MP: 4/4
  1307 | D:3      | Found a hazy altar of Hepliaklqana.
  1370 | D:3      | Noticed Terence
  1393 | D:3      | Killed Terence
  1394 | D:3      | Reached skill level 4 in Fighting
  1643 | D:4      | Reached XP level 5. HP: 28/33 MP: 5/5
  1662 | D:4      | Got a graven book
  1728 | D:4      | Found a sand-covered staircase.
  1757 | Ossuary  | Entered an ossuary
  1833 | Ossuary  | Reached skill level 1 in Stealth
  1844 | Ossuary  | Reached skill level 1 in Spellcasting
  1844 | Ossuary  | Reached XP level 6. HP: 19/39 MP: 7/7
  2013 | Ossuary  | Reached skill level 5 in Fighting
  2013 | Ossuary  | Reached XP level 7. HP: 26/44 MP: 9/9
  2100 | Ossuary  | Reached skill level 5 in Shields
  2424 | D:3      | Learned a level 5 spell: Freezing Cloud
  2991 | D:4      | Identified the +11 sling of Turmoil {flame, rElec Will+++
                  | Str+2 Dex-4}
  3795 | D:4      | Found an ancient bone altar of Kikubaaqudgha.
  3796 | D:4      | Noticed a human
  3800 | D:4      | Killed a human
  3803 | D:4      | Found a sparkling altar of Nemelex Xobeh.
  3892 | D:5      | Entered Level 5 of the Dungeon
  3978 | D:5      | Reached skill level 1 in Conjurations
  4025 | D:5      | Found a glowing golden altar of the Shining One.
  4032 | D:5      | Reached skill level 1 in Ice Magic
  4090 | D:5      | Reached XP level 8. HP: 27/50 MP: 11/11
  4429 | D:5      | Found a burning altar of Makhleb.
  4626 | D:5      | Found Wuvveis's General Store.
  4906 | D:6      | Found a glowing drain.
  4936 | D:5      | Reached skill level 6 in Fighting
  5016 | D:6      | Found a staircase to the Ecumenical Temple.
  5056 | Sewer    | Entered a sewer
  5164 | Sewer    | Noticed Pargi
  5175 | Sewer    | Killed Pargi
  5264 | D:6      | Reached skill level 5 in Axes
  5403 | D:6      | Reached XP level 9. HP: 44/56 MP: 12/12
  5496 | D:6      | Found a white marble altar of Elyvilon.
  5598 | D:6      | Found a shimmering altar of Xom.
  5817 | D:7      | Reached skill level 7 in Fighting
  5829 | D:7      | Found Ofuxur's Self-Published Books.
  6066 | D:7      | Found a broken altar of Ashenzari.
  6140 | Temple   | Entered the Ecumenical Temple
  6182 | Temple   | Became a worshipper of Gozag Ym Sagoz the Greedy
  6437 | D:7      | Found a shimmering blue altar of Sif Muna.
  6564 | D:7      | Noticed Menkaure
  6574 | D:7      | Killed Menkaure
  6615 | D:7      | Reached skill level 5 in Conjurations
  6629 | D:7      | HP: 2/57 [yak (4)]
  6839 | D:7      | Reached skill level 5 in Ice Magic
  7332 | D:8      | Reached skill level 8 in Fighting
  7483 | D:8      | Found Hoeckag's Antique Armour Shoppe.
  7490 | D:8      | Reached XP level 10. HP: 64/64 MP: 13/13
  7981 | D:9      | Noticed a two-headed ogre
  7981 | D:9      | Found a sacrificial altar of Ru.
  8019 | D:9      | Found a flagged portal.
  8150 | D:9      | Found a staircase to the Lair.
  8254 | Bailey   | Entered a bailey
  8501 | Bailey   | Noticed an orc knight
  8516 | Bailey   | Killed an orc knight
  8790 | D:9      | Noticed an orange demon
  8790 | D:9      | Noticed Amaemon
  8834 | D:9      | Killed a two-headed ogre
  8835 | D:9      | Reached skill level 1 in Dodging
  8837 | D:10     | Entered Level 10 of the Dungeon
  8999 | D:9      | Killed an orange demon
  9000 | D:9      | Reached skill level 5 in Armour
  9430 | D:9      | Found a staircase to the Orcish Mines.
  9507 | D:9      | Noticed Erica
  9543 | D:9      | Killed Erica
  9544 | D:9      | Reached skill level 9 in Fighting
  9655 | D:9      | Found a blossoming altar of Fedhas.
  9671 | D:9      | Reached XP level 11. HP: 57/71 MP: 16/16
  9735 | D:9      | Noticed Gastronok
  9756 | D:9      | Killed from afar by Gastronok

Illustrated notes

Levels and vault maps discovered:
D:1:      minmay_arrival_solitary_statue, layout_loops_ring
D:2:      layout_rooms
D:3:      layout_rooms, nzn_hepliaklqana_mist_gate, serial_forest,
          infiniplex_forest_straight_5, infiniplex_forest_lined_3_way,
          infiniplex_forest_side_room, infiniplex_forest_corner_2,
          infiniplex_forest_lined_room_, infiniplex_forest_lined_room_,
          uniq_crazy_yiuf_cottage, uniq_terence
D:4:      minmay_door_path, layout_basic, nemelex_xobeh_ov_fountains_minmay,
          tgw_kikubaaqudgha, nicolae_ossuary_entry_false_entrances,
          grunt_ministairs_12, minmay_stone_trees_medium, minmay_snake_closets
D:5:      layout_loops_ring, nicolae_tso_besieged_by_evil, lemuel_crystal_altar,
          serial_shops, shop
D:6:      layout_rooms, kennysheep_mini_moat, lemuel_round_altar,
          minmay_temple_entry_slanted, cheibrodos_sewer_entry_drain,
          minivault_1, kennysheep_generic_room_9
D:7:      layout_basic, mainiacjoe_overflow_paths, led_sif_book,
          nicolae_custom_books, uniq_menkaure
D:8:      layout_loops_ring, serial_shops, shop, kennysheep_generic_room_15
D:9:      layout_roguey, mainiacjoe_overflow_24_doors, nicolae_ru_path_of_blood,
          lair_entry_dummy, david_orc_4, enter_bailey_5, grunt_decor_resistance,
          uniq_gastronok, uniq_amaemon, uniq_erica
D:10:     gammafunk_indiana_jones, layout_loops_ring,
          mainiacjoe_overflow_surrounded_room
Temple:   cyrus_temple_forest

Skill      XL: |  1  2  3  4  5  6  7  8  9 10 |
---------------+-------------------------------+-----
Axes           | 2 3 4 5 6 7 |  7.3
Fighting       | 4 5 6 8 9 |  9.1
Armour         | 4 5 |  5.6
Shields        | 4 5 |  5.2
Stealth        | 1 2 3 |  3.0
Spellcasting   | 1 2 3 |  3.6
Conjurations   | 1 3 5 7 |  7.2
Ice Magic      | 1 3 5 |  5.7
Dodging        | 2 |  2.4

Action                     |  1- 3 |  4- 6 |  7- 9 | 10-12 || total
---------------------------+-------+-------+-------+-------++-------
  Melee: War axe           |    96 |    66 |   390 |   242 ||   794
         Mace              |       |    78 |    53 |       ||   131
   Fire: Sling             |       |       |       |     2 ||     2
  Evoke: Wand              |       |       |     5 |     6 ||    11
    Use: Scroll            |       |     4 |     7 |     4 ||    15
         Potion            |       |       |     4 |     5 ||     9
   Stab: Invisible         |       |       |     2 |     1 ||     3
 Armour: Scale mail        |    90 |   131 |   394 |   180 ||   795
  Dodge: Dodged            |    49 |    68 |   238 |   105 ||   460
  Block: Buckler           |    26 |    30 |   120 |    53 ||   229

Table legend: (Time is in decaauts)
 A = Elapsed time spent in this place.
 B = Non-inter-level travel time spent in this place.
 C = Inter-level travel time spent in this place.
 D = Time resting spent in this place.
 E = Time spent auto-exploring this place.
 F = Levels seen in this place.
 G = Mean time per level.
                   A        B        C        D        E       F      G
               +--------+--------+--------+--------+--------+-----+--------+
         Total |  10017 |   9400 |    617 |    985 |   5756 |  14 |  715.5 |
       Dungeon |   8758 |   8182 |    576 |    843 |   5229 |  10 |  875.8 |
        Temple |     83 |     42 |     41 |      0 |      0 |   1 |   83.0 |
         Sewer |    171 |    171 |      0 |     80 |      0 |   1 |  171.0 |
       Ossuary |    516 |    516 |      0 |     62 |    190 |   1 |  516.0 |
        Bailey |    487 |    487 |      0 |      0 |    337 |   1 |  487.0 |
               +--------+--------+--------+--------+--------+-----+--------+

Top non-repeatable levels by time:
     D:7: 1424 daAuts
     D:4: 1393 daAuts
     D:5: 1117 daAuts
     D:9: 1052 daAuts
     D:8: 841 daAuts
     D:1: 829 daAuts
     D:3: 771 daAuts
     D:6: 665 daAuts
     D:2: 522 daAuts
 Ossuary: 516 daAuts
  Bailey: 487 daAuts
   Sewer: 171 daAuts
    D:10: 141 daAuts
  Temple: 83 daAuts
